 Dungeon Crawl Stone Soup version 0.25-a0-589-g1e14c549ee (webtiles) character file.

Game seed: 2659297083457753405, levelgen mode: deterministic

1494 Forecaster the Magician (level 8, -2/96 HPs)
             Began as a Naga Wizard on Mar 10, 2020.
             Was an Initiate of Vehumet.
             Slain by a sky beast (6 damage)
             ... on level 7 of the Dungeon.
             The game lasted 00:42:20 (5311 turns).

Forecaster the Magician (Naga Wizard)               Turns: 5311, Time: 00:42:21

Health: -2/96      AC: 24    Str: 12    XL:     8   Next: 81%
Magic:  18/18      EV:  1    Int: 21    God:    Vehumet [......]
Gold:   205        SH:  0    Dex: 11    Spells: 13/20 levels left

rFire    . . .     SeeInvis +   c - +1 dagger (venom)
rCold    . . .     Gourm    .   (no shield)
rNeg     + + +     Faith    .   (armour currently unavailable)
rPois    +         Spirit   .   (helmet currently unavailable)
rElec    .         Reflect  .   (cloak currently unavailable)
rCorr    +         Harm     .   (gloves currently unavailable)
MR       +....     Rnd*Rage +   (no barding) Stlth +++.......NoTele +
                                y - amulet of magic regeneration
HPRegen  0.26/turn              K - ring of resist corrosion
MPRegen  0.41/turn              (no ring)

@: mighty, brilliant, tree-form, stab
A: large, see invisible, berserk 1, clever 1, slow metabolism 1, spit poison 2,
strong 1, AC +2
a: Breathe Poison Gas, Renounce Religion


You were on level 7 of the Dungeon.
You worshipped Vehumet.
Vehumet was noncommittal.
You were not hungry.
You were a tree.
You visited 2 branches of the dungeon, and saw 7 of its levels.
You also visited: Sewer.

You collected 205 gold pieces.

Inventory:

Hand Weapons
 c - a +1 dagger of venom (weapon)
 i - a +1 short sword of venom
 k - a +1 vorpal flail
 s - a +2 vorpal hand axe
 t - a +0 scythe
 G - a +2 dagger of speed
 H - a +0 hand crossbow
 M - a +0 antimagic falchion
 N - a +3 shortbow
Missiles
 f - 46 bolts
 g - 35 sling bullets
 h - 18 poisoned darts (quivered)
 r - 124 stones
 z - 153 arrows
Armour
 a - a +0 robe
 b - a +0 hat (melded)
 j - a +0 robe
 m - a +0 leather armour
 v - a +0 pair of gloves (melded)
 C - a +0 leather armour
 I - a +0 leather armour
 P - a +2 kite shield
 Q - a +0 robe
 R - a +0 robe
 S - a +0 leather armour (melded)
Jewellery
 y - an amulet of magic regeneration (around neck)
 K - a ring of resist corrosion (left branch)
Wands
 e - a wand of random effects (15)
 L - a wand of iceblast (10)
Scrolls
 u - a scroll of enchant weapon {unknown}
 w - a scroll of immolation {unknown}
 x - a scroll of blinking {unknown}
 B - a scroll of teleportation {unknown}
 D - a scroll of remove curse {unknown}
 J - a scroll of identify
 O - a scroll of fog {unknown}
Potions
 l - 7 potions of curing
 n - 2 potions of flight
 p - a potion of mutation
 q - a potion of magic {unknown}
 A - a potion of stabbing
 E - 5 potions of brilliance
Comestibles
 d - 13 rations


   Skills:
 + Level 1.4 Fighting
 + Level 2.0 Short Blades
 + Level 3.0 Armour
 + Level 2.3 Dodging
 + Level 5.1 Stealth
 + Level 6.9 Spellcasting
 + Level 2.2 Conjurations
 + Level 0.5 Hexes
 + Level 5.0 Summonings
 + Level 1.0 Translocations


You had 13 spell levels left.
You knew the following spells:

 Your Spells              Type           Power        Failure   Level  Hunger
a - Magic Dart            Conj           ####         3%          1    None
b - Call Imp              Summ           #####...     1%          2    None
c - Blink                 Tloc           N/A          9%          2    None
d - Slow                  Hex            ##......     11%         2    None

Your spell library contained the following spells:

 Spells                   Type           Power        Failure   Level  Hunger
 Conjure Flame            Conj/Fire      ###.....     17%         3    None
 Mephitic Cloud           Conj/Pois/Air  ###.....     21%         3    None


Dungeon Overview and Level Annotations

Branches:
Dungeon (7/15)             Temple (1/1) D:6           Sewer (visited)

Altars:
Ashenzari
Cheibriados
Dithmenos
Elyvilon
Gozag
Hepliaklqana
Nemelex Xobeh
Okawaru
Ru
Sif Muna
Uskayaw
Vehumet
Wu Jian
Xom
Zin


Innate Abilities, Weirdness & Mutations

You cannot wear boots.
((Your serpentine skin is tough. (AC +2)))
You have supernaturally acute eyesight. (SInv)
((Armour fits poorly on your strangely shaped body.))
((Your system is resistant to poisons. (rPois)))
((You cover ground very slowly.))
You have a slow metabolism.
You can exhale a cloud of poison.
You tend to lose your temper in combat.
Your mind is acute. (Int +2)
Your muscles are strong. (Str +2)


Message History

The adder skeleton bites you but does no damage.
Your crimson imp hits the orc warrior.
The orc warrior dies!
Vehumet accepts your kill.
Your Short Blades skill increases to level 2!
Your Armour skill increases to level 3!
Your Summonings skill increases to level 5!
The orc hits you but does no damage.
You feel more ready to backstab.
The sky beast hits you but does no damage.
The adder skeleton bites you but does no damage.
Your crimson imp hits the sky beast.
Your crimson imp blinks!
The orc hits you but does no damage.
It was a potion of might.
You feel very mighty all of a sudden. The sky beast hits you.
* * * LOW HITPOINT WARNING * * *
The sky beast shocks you.
You die...

........#...
........#..# .
......5.#..##. ##
............. ..
...........##.#
............... .
........5§.##...#
#......5♣Z......
##.###).Y#o....##
.........#..#.##
##?####..#......
#..##.### . #...
.# .......
....... ..####..


You could see a sky beast, an orc, an adder skeleton and 3 friendly crimson
imps.

Vanquished Creatures
  Sigmund (D:3)
  An ice beast (D:6)
  A black bear (D:6)
  3 centaurs (D:6)
  2 big kobolds (Sewer)
  2 bullfrogs (D:6)
  A scorpion (D:4)
  A howler monkey (D:4)
  An orc priest (D:3)
  An orc wizard (D:6)
  2 worker ants (D:4)
  A worker ant zombie (D:6)
  7 adders
  3 river rats (Sewer)
  An ooze (D:2)
  An adder skeleton (D:4)
  A dart slug (D:3)
  6 leopard geckos
  6 orcs
  5 giant cockroaches
  9 goblins
  5 hobgoblins
  7 jackals
  4 kobolds
  2 quokkas
  3 ball pythons
  5 bats
  7 frilled lizards
  7 rats
96 creatures vanquished.

Vanquished Creatures (collateral kills)
  A hungry ghost (D:7)
  An orc warrior (D:7)
  An ogre (D:4)
  3 centaurs (D:6)
  A bullfrog skeleton (D:6)
  2 orc priests
  A worker ant (D:6)
  A gnoll (D:1)
  An adder (D:2)
  4 river rats (Sewer)
  3 dart slugs
  A leopard gecko (D:4)
  12 orcs
  A bat (D:3)
  5 goblins
  A hobgoblin (D:1)
  3 jackals (D:3)
  15 kobolds
  3 ball pythons (Sewer)
  3 frilled lizards
  14 rats
77 creatures vanquished.

Grand Total: 173 creatures vanquished

Notes
Turn   | Place    | Note
-------+----------+-------------------------------------------
     0 | D:1      | Forecaster the Naga Wizard began the quest for the Orb.
     0 | D:1      | Reached XP level 1. HP: 15/15 MP: 4/4
   100 | D:1      | Reached XP level 2. HP: 21/22 MP: 6/6
   107 | D:1      | Learned a level 2 spell: Call Imp
   110 | D:1      | Learned a level 2 spell: Blink
   450 | D:1      | Reached XP level 3. HP: 26/28 MP: 1/8
   780 | D:2      | Reached skill level 1 in Short Blades
   780 | D:2      | Reached XP level 4. HP: 37/37 MP: 9/9
   798 | D:2      | Found a hide-covered altar of Uskayaw.
  1618 | D:3      | Reached skill level 4 in Spellcasting
  1622 | D:3      | Reached XP level 5. HP: 31/43 MP: 0/11
  1834 | D:3      | Noticed Sigmund
  1867 | D:3      | Killed Sigmund
  1867 | D:3      | Reached skill level 1 in Armour
  1867 | D:3      | Reached XP level 6. HP: 15/50 MP: 10/12
  1925 | D:3      | Learned a level 2 spell: Slow
  2153 | D:3      | Found a hazy altar of Hepliaklqana.
  2367 | D:4      | Found a white marble altar of Elyvilon.
  2372 | D:4      | Reached XP level 7. HP: 37/56 MP: 14/14
  2437 | D:4      | Reached skill level 1 in Fighting
  2670 | D:4      | Found a glowing drain.
  2694 | Sewer    | Entered a sewer
  2942 | Sewer    | Reached skill level 5 in Spellcasting
  3629 | D:4      | You fall into a shaft and drop 2 floors!
  3668 | D:6      | Reached XP level 8. HP: 24/64 MP: 14/16
  3820 | D:6      | Reached skill level 5 in Stealth
  3864 | D:6      | Reached skill level 6 in Spellcasting
  4032 | D:6      | Found a staircase to the Ecumenical Temple.
  4056 | Temple   | Entered the Ecumenical Temple
  4137 | Temple   | Became a worshipper of Vehumet
  5307 | D:7      | Gained mutation: You tend to lose your temper in combat.
                  | [potion of mutation]
  5307 | D:7      | Gained mutation: You can exhale a cloud of poison. [potion
                  | of mutation]
  5307 | D:7      | Gained mutation: Your mind is acute. (Int +2) [potion of
                  | mutation]
  5307 | D:7      | Gained mutation: Your muscles are strong. (Str +2) [potion
                  | of mutation]
  5309 | D:7      | Reached skill level 5 in Summonings
  5311 | D:7      | HP: 4/96 [sky beast (3)]
  5311 | D:7      | Slain by a sky beast

Levels and vault maps discovered:
D:1:      lightli_iron_boxes, layout_rooms
D:2:      layout_loops_corners, lemuel_crystal_altar
D:3:      layout_rooms, serial_glass, glass_columns_a, glass_columns_a,
          first_ration, kennysheep_flooded_box, kennysheep_generic_room_13,
          uniq_sigmund
D:4:      layout_gridville, lemuel_doored_altar, elyvilon_altar_5,
          portal_sewer_entry_f, serial_bayou, serial_bayou_ford_a,
          minmay_ogre_servants, uniq_eustachio
D:6:      layout_basic, minmay_temple_entry_antechambers, nrook_mini_backslash
D:7:      layout_rooms, kennysheep_mini, uniq_crazy_yiuf_cottage
Temple:   nicolae_temple_god_jail

Skill      XL: |  1  2  3  4  5  6  7  8 |
---------------+-------------------------+-----
Short Blades   | 1 2 |  2.0
Stealth        | 4 5 |  5.1
Spellcasting   | 4 5 6 |  6.9
Armour         | 1 2 3 |  3.0
Summonings     | 2 4 5 |  5.0
Dodging        | 2 |  2.3
Fighting       | 1 |  1.4
Conjurations   | 2 |  2.2
Hexes          | |  0.5
Translocations | |  1.0

Action                   |  1- 3 |  4- 6 |  7- 9 || total
-------------------------+-------+-------+-------++-------
Melee: Dagger            |    49 |    76 |   182 ||   307
 Cast: Magic Dart        |    22 |    33 |    26 ||    81
       Call Imp          |     9 |    19 |    81 ||   109
       Blink             |       |       |     1 ||     1
       Slow              |       |       |     5 ||     5
  Use: Scroll            |       |     4 |     2 ||     6
       Potion            |       |     1 |    11 ||    12
 Stab: Sleeping          |     4 |     2 |       ||     6
  Eat: Chunk             |       |     4 |     4 ||     8
       Ration            |       |       |     4 ||     4
Armor: Robe              |     5 |       |       ||     5
       Leather armour    |     2 |    15 |    83 ||   100
       Skin              |       |       |    11 ||    11
Dodge: Dodged            |    30 |    40 |    87 ||   157

Table legend:
 A = Non-vault XP
 B = Vault XP
 C = Vault XP percentage of total XP
 D = Non-vault monster count
 E = Vault monster count
 F = Vault count percentage of total count
                 A         B        C        D         E       F
            +---------+---------+-------+---------+---------+-------
      Total |    1554 |     581 |  27.2 |     110 |      63 |  36.4
            +---------+---------+-------+---------+---------+-------
        D:1 |      49 |       0 |   0.0 |      26 |       0 |   0.0
        D:2 |      68 |       0 |   0.0 |      19 |       0 |   0.0
        D:3 |     107 |     227 |  68.0 |      32 |       1 |   3.0
        D:4 |     231 |      79 |  25.5 |       9 |      14 |  60.9
        D:6 |     890 |       0 |   0.0 |      20 |       0 |   0.0
        D:7 |     209 |       0 |   0.0 |       4 |       0 |   0.0
      Sewer |       0 |     275 | 100.0 |       0 |      48 | 100.0
            +---------+---------+-------+---------+---------+-------
